AoeStats
← spark

Arabia

510237167Analyzed
1v1 RM · 2d ago on Sep 30, 2026· 22m 13s· 2 players
Game mode
Random Map
Map size
Tiny (2 player)
Population
200
Speed
Normal
Resources
Standard
Victory
Conquest
Starting age
Dark Age
Ending age
Imperial Age
RankedLock teamsTeams togetherTeam positionsShared explorationLock speedFull tech treeHidden civsTurbo modeCheats
Victory
Defeat
🇨🇳 Franks · China
737
+13
🇺🇸 Sicilians · United States
678
-26
Joey_did_it
16:21 Feudal Age
20:21 Wheelbarrow
spark
10:47 Feudal Age
9:40 Loom
11:18 Double-Bit Axe
12:16 Loom
21:58 Castle Age
21:49 Wheelbarrow
21:52 Forging
22:00 Scale Barding Armor
22:51 Bow Saw
Connection lost

Rejoining the realm…

Still unreachable

The connection could not be restored.

Session expired

The server has moved on; the page needs a fresh start.